Map: Rifts to Korhal

Players

BunnyLove

  • Race: Terran Terran

KaneZ

  • Race: Terran Terran
  • Spawn Location: 7:00

VOD

Have the link to the VOD?

Description

Time

  • Played on: March 17, 2018, 10:35 p.m.
  • Length: 15:10
Show
View Real Time Build Order
Export as new Build Order

BunnyLove Terran 

Build Orders:  

Get SALT Encoding   

  12  0:05  Starport Tech Lab  
  12  0:08  SCV  
  13  0:25  Supply Depot, SCV  
  15  0:42  SCV  
  16  1:00  SCV  
  16  1:06  Assault Galleon  
  16  1:15  Refinery  
  16  1:17  SCV  
  18  1:34  SCV  
  19  1:51  SCV  
  19  2:08  SCV  
  20  2:13  Command Center  
  20  2:25  SCV  
  21  2:34  Reaper  
  23  2:42  SCV  
  23  2:49  Reaper  
  24  2:59  SCV  
  25  3:06  Reaper  
  26  3:16  SCV  
  27  3:21  Reaper  
  27  3:29  Supply Depot  
  29  3:33  SCV  
  29  3:44  Refinery  
  29  3:47  Engineering Bay  
  30  3:50  SCV  
  30  4:03  Command Center  
  30  4:07  SCV  
  30  4:08  SCV  
  32  4:17  Reaper  
  34  4:24  SCV  
  34  4:25  SCV  
  34  4:27  Reaper  
  36  4:32  Assault Galleon  
  36  4:37  Reaper  
  38  4:41  SCV  
  38  4:47  SCV  
  39  4:57  SCV  
  41  5:03  Supply Depot  
  41  5:04  SCV  
  42  5:12  Assault Galleon  
  42  5:14  SCV  
  42  5:19  Reaper  
  44  5:21  SCV  
  44  5:29  Reaper  
  46  5:31  SCV  
  46  5:35  Supply Depot  
  46  5:38  SCV  
  46  5:39  Reaper  
  48  5:47  Assault Galleon  
  48  5:48  SCV  
  49  6:01  Reaper  
  49  6:09  Reaper  
  51  6:11  Reaper  
  51  6:17  Assault Galleon  
  51  6:19  Reaper  
  53  6:20  Reaper  
  53  6:21  Reaper  
  53  6:29  Reaper  
  58  6:30  Reaper  
  58  6:31  Reaper, SCV  
  58  6:32  SCV  
  58  6:39  Reaper  
  61  6:44  LE9 Cluster Charges  
  61  6:48  SCV x2  
  63  6:56  Reaper x2  
  65  7:06  Reaper x3  
  68  7:14  Supply Depot  
  68  7:16  Reaper x3  
  71  7:25  Supply Depot  
  71  7:26  Jetpack Overdrive  
  71  7:33  Reaper x3  
  71  7:36  Theia Raven  
  71  7:38  Reaper x2  
  78  7:43  Reaper x2  
  78  7:46  Reaper  
  78  7:48  Reaper  
  82  7:52  Reaper  
  82  7:53  Reaper  
  82  7:54  Supply Depot  
  81  8:10  Reaper  
  81  8:11  Reaper  
  81  8:18  Reaper x3  
  86  8:20  Reaper  
  86  8:21  Reaper  
  86  8:28  Reaper x2  
  90  8:35  Reaper  
  90  8:37  Reaper x2  
  90  8:38  Reaper x2  
  92  8:45  Reaper  
  92  8:47  Reaper x2  
  92  8:48  Reaper x2  
  91  8:55  Reaper  
  91  8:57  Reaper x3  
  91  8:58  Reaper  
  92  9:05  Reaper  
  92  9:07  Reaper x3  
  92  9:08  Reaper  
  97  9:15  Reaper  
  97  9:17  Reaper  
  97  9:18  Reaper x2  
  97  9:19  Theia Raven  
  103  9:24  Reaper  
  103  9:25  Reaper  
  103  9:27  Reaper  
  103  9:28  Reaper  
  103  9:29  Reaper  
  108  9:34  Reaper  
  108  9:35  Reaper  
  108  9:37  Reaper  
  108  9:39  Reaper x2  
  113  9:44  Reaper  
  113  9:45  Reaper  
  113  9:47  Reaper  
  113  9:49  Reaper  
  117  9:53  Theia Raven  
  117  10:00  Reaper x3  
  117  10:01  Reaper  
  117  10:06  Reaper  
  116  10:10  Reaper x3  
  116  10:19  Reaper x2  
  119  10:20  Reaper x3  
  119  10:29  Reaper x2  
  122  10:30  Reaper x2  
  122  10:31  Reaper  
  117  10:40  Reaper  
  117  10:41  Reaper x2  
  117  10:44  Reaper x2  
  116  10:50  Reaper x2  
  116  10:51  Reaper  
  116  10:54  Reaper x2  
  116  11:00  Reaper x2  
  116  11:01  Reaper  
  116  11:04  Reaper x2  
  121  11:10  Reaper x2  
  121  11:14  Reaper  
  121  11:15  Reaper  
  120  11:25  Reaper x3  
  120  11:27  Reaper x2  
  115  11:35  Reaper x3  
  115  11:37  Reaper x2  
  116  11:45  Reaper  
  116  11:47  Reaper x3  
  116  11:48  Reaper  
  111  11:55  Reaper  
  111  11:57  Reaper x3  
  111  11:58  Reaper  
  116  12:04  Reaper  
  116  12:07  Reaper x3  
  116  12:08  Reaper  
  117  12:14  Reaper  
  117  12:17  Reaper x4  
  122  12:25  Reaper  
  122  12:27  Reaper x3  
  122  12:28  Reaper  
  127  12:35  Reaper  
  127  12:37  Reaper x3  
  127  12:38  Reaper  
  132  12:45  Reaper  
  132  12:47  Reaper  
  134  13:01  Reaper x3  
  129  13:15  Reaper x3  
  129  13:18  Reaper x2  
  131  13:25  Reaper x3  
  132  13:34  Reaper  
  132  13:35  Reaper x3  
  132  13:36  Reaper  
  130  13:44  Reaper  
  130  13:45  Reaper x3  
  130  13:46  Reaper  
  129  13:54  Reaper x2  
  127  14:01  Reaper x2  
  112  14:12  Reaper  
  112  14:13  Reaper x2  
  112  14:16  Reaper  
  105  14:21  Asteria Wraith  
  105  14:22  Reaper  
  105  14:23  Reaper x2  
  105  14:25  Reaper  
  112  14:32  Reaper  
  112  14:33  Reaper x2  
  112  14:35  Reaper  
  112  14:42  Reaper  
  112  14:43  Reaper x2  
  112  14:45  Reaper  
Show
View Real Time Build Order
Export as new Build Order

KaneZ Terran 

Build Orders:  

Get SALT Encoding   

  12  0:20  SCV  
Tags
 
Add a new tag
Caveats
  • Supply blocks, unpowered buildings, or Contaminate may cause inaccurate times.
  • Supply counts are checked every 10 seconds.